Unix xNetHack Version 7.1.0 - last build Jul 19 2022 04:02:08 (a8c4666137c2c631a57c77f6261166d76d9e3895). Game began 2022-08-01 12:46:53, ended 2022-08-01 13:09:05. nmlkj, chaotic male human Wizard ---------------- |..............| |..........."..| ----------- |...............#####@: |.........!# |..............| |.........|# -------|--.----- |..)......|# ### # |.........|# # #### -----.-----## # #### # # # ------|------ ## ## ## |............##### # # # #### |...........|################### # # ---|- |...........|# # --.----- # # ##-.<..## |...........|# |...$... # ---.-----###|...| # -------------# -........# ----- |..~..{.|###....|###################### |....... ### |...| |........# |...| ...>.... #############....| |.......| |...| --------- |.|{| --------- ----- ----- Nmlkj the Conjurer St:9 Dx:15 Co:12 In:18 Wi:12 Ch:10 Chaotic S:894 Dlvl:7 $:112 HP:0(30) Pw:33(33) AC:6 Xp:4/108 T:2128 Burdened Hallu Latest messages: You bash the rave spider. You miss the Elvenqueen. The ape picks up a rock. You miss the shallow one. The Argonaut drops a rock. The ceiling cat oinks! You bash the hezrou. You miss the snake. You miss the elf mummy. You miss the lizalfos. You miss the stalker. The wiki hums! You bash the large kobold. The dust vortex picks up a rock. The golden naga hatchling honks! You bash the earth elemental. The forest centaur bellows! You bash the garter snake. The panther drops a rock. You miss the craven. You miss the phoenix. The Christmas-tree monster ululates! You bash the rock mole. You miss the ettin mummy. The deranged millionaire gargles! The mongoose bites! The large mimic bites! The floating eye bites! You bash the guardian naga. The fire giant bites! You bash the carnivorous ape. The incubus bites! You miss the killer bee. The scorpion bites! The ettin zombie bites! You miss the golden naga hatchling. The giant ant bites! You bash the flumph. The pony bites! You miss the Invid. The displacer beast bites! The golden naga hatchling bites! The long worm bites! You miss the gnome lord. The ape bites! You miss the bat. The gnomish wizard bites! You bash the jaguar. The garter snake bites! You die... Major events: Turn 1: nmlkj the chaotic male human Wizard entered the dungeon 1117: attained the rank of Conjurer (level 3) 2128: killed by a hallucinogen-distorted housecat Inventory: Inventory: 610/575 weight (23/52 slots) Coins $ - 112 gold pieces {1} Weapons A - 8 +3 arrows (in quiver) {8} B - a +0 bow (weapon in hand) {30} u - a blessed +0 orcish dagger {10} h - a +0 dwarvish mattock {120} s - a blessed +0 long sword {40} a - a blessed +1 quarterstaff (alternate weapon; not wielded) {40} r - a +0 scimitar {40} Armor D - a blessed +4 bone orcish helm (being worn) {7} v - an uncursed +0 orcish helm {30} Comestibles g - an uncursed food ration {20} q - an uncursed tripe ration {10} Spellbooks f - an uncursed spellbook of cure sickness {45} c - a blessed spellbook of force bolt {35} i - an uncursed spellbook of haste self {45} e - an uncursed spellbook of knock {35} d - a blessed spellbook of magic missile {40} Rings y - a cursed ring of aggravate monster {3} p - an uncursed ring of regeneration (on right hand) {3} Wands F - a wand of digging (0:4) {7} l - a wand of undead turning (0:5) {7} Tools t - an empty uncursed sack {15} j - a frost horn (0:5) {18} Gems/Stones o - an uncursed worthless piece of yellowish brown glass {1} Nmlkj the Wizard's attributes: Background: You were a Conjurer, a level 4 male human Wizard. You were chaotic, nominally on a mission for Anhur who was opposed by Ptah (lawful) and Thoth (neutral). You were heterosexual. You were in the Dungeons of Doom, on level 7. You entered the dungeon 2128 turns ago. You had 108 experience points, 52 more were needed to attain level 5. Your score was 894 before end-of-game adjustments. Basics: You had 0 out of 30 hit points. You had all 33 energy points (spell power). Your armor class was 6. Your wallet contained 112 Hong Kong Luna Dollars. Autopickup was on for '$"?+!=/' plus thrown. Final Characteristics: Your strength was 9 (peak:12, limit:18/100). Your dexterity was 15 (limit:18). Your constitution was 12 (limit:18). Your intelligence was 18 (limit:18). Your wisdom was 12 (limit:18). Your charisma was 10 (limit:18). Final Status: You were hallucinating. You were not hungry. You were burdened; movement was slightly slowed. You were wielding a bow. You had no skill with bow. Final Attributes: You were devoutly aligned. You were poison resistant. You regenerated. You are dead. Miscellaneous: You never encountered a bones level. Total elapsed playing time was 19 minutes and 41 seconds. Vanquished creatures: a rock mole a straw golem a giant ant 2 homunculi 4 hill orcs 2 rothes 3 dwarf zombies a wererat 2 iguanas a coyote 2 manes a hobgoblin 2 brown molds a yellow mold a gnome 2 geckos 6 jackals 3 foxes a kobold a sewer rat a grid bug 3 lichens a kobold zombie 6 newts and a partridge in a pear tree 49 creatures vanquished. No species were genocided or became extinct. Voluntary challenges: You were an atheist. You read items or engraved 7 times. You never genocided any monsters. You never polymorphed an object. You never changed form. You never touched an artifact. You used no wishes. You never scared an enemy with impunity. You were celibate. You never generated conflict. Achievement: You attained the rank of Conjurer. The Dungeons of Doom: levels 1 to 7 Level 1: A fountain. Level 2: A fountain. Level 3: Level 4: A tree. Level 5: Level 6: Level 7: <- You were here. Some fountains, a grave. Final resting place for you, killed by a hallucinogen-distorted housecat. Game over: __________ / \ / REST \ / IN \ / PEACE \ / \ | nmlkj | | 112 Au | | killed by a | | hallucinogen-dis | | torted housecat | | | | 2022 | *| * * * | * _________)/\\_//(\/(/\)/\//\/|_)_______ Goodbye nmlkj the Wizard... You died in The Dungeons of Doom on dungeon level 7 with 883 points, and 112 pieces of gold, after 2128 moves. You were level 4 with a maximum of 30 hit points when you died.